 Dungeon Crawl Stone Soup version 0.24.0-13-gcf9b319 (webtiles) character file.

Game seed: 1537636271534787791, levelgen mode: deterministic

289 Bronimir the Gusty (level 6, -5/32 HPs)
             Began as a Tengu Air Elementalist on Mar 28, 2020.
             Killed from afar by an orc wizard (6 damage)
             ... with a magic dart
             ... on level 4 of the Dungeon.
             The game lasted 00:08:51 (3836 turns).

Bronimir the Gusty (Tengu Air Elementalist)         Turns: 3836, Time: 00:08:53

Health: -5/32      AC:  8    Str:  9    XL:     6   Next: 31%
Magic:  1/11       EV: 11    Int: 17    God:
Gold:   156        SH:  0    Dex: 14    Spells: 8/11 levels left

rFire    . . .     SeeInvis .   a - +2 short sword (elec)
rCold    . . .     Gourm    .   (no shield)
rNeg     . . .     Faith    .   b - +2 ring mail {MR+}
rPois    .         Spirit   .   h - +1 hat
rElec    .         Reflect  .   (no cloak)
rCorr    .         Harm     .   (no gloves)
MR       +....                  (boots unavailable)
Stlth    +.........             (no amulet)
HPRegen  0.10/turn              (no ring)
MPRegen  0.12/turn              (no ring)

@: swift, very slightly contaminated, quick
A: beak, talons 3, able to fly
a: Fly


You were on level 4 of the Dungeon.
You were hungry.

You visited 1 branch of the dungeon, and saw 4 of its levels.

You collected 156 gold pieces.

Inventory:

Hand Weapons
 a - a +2 short sword of electrocution (weapon)
 t - a +0 spear
 u - a +1 antimagic whip
 w - a +0 falchion
Missiles
 e - 16 arrows
 l - 78 stones (quivered)
 s - 28 bolts
Armour
 b - a +2 ring mail of magic resistance (worn)
 h - a +1 hat (worn)
 p - a +0 robe
Jewellery
 d - an uncursed amulet of rage {unknown}
Wands
 r - a wand of iceblast (6)
Scrolls
 f - 2 scrolls of remove curse {unknown}
 j - a scroll of enchant armour {unknown}
 k - a scroll of identify {unknown}
 m - 3 scrolls of fog {unknown}
 n - a scroll of fear {unknown}
 q - a scroll of random uselessness {unknown}
 x - a scroll of teleportation {unknown}
Potions
 o - a potion of flight
 v - a potion of invisibility
Comestibles
 c - 8 rations


   Skills:
 + Level 0.3 Fighting
 + Level 1.0 Short Blades
 * Level 3.0 Armour
 + Level 2.4 Dodging
 - Level 2.0 Stealth
 * Level 3.1 Spellcasting
 * Level 3.2 Conjurations
 + Level 1.1 Charms
 * Level 5.6 Air Magic


You had 8 spell levels left.
You knew the following spells:

 Your Spells              Type           Power        Failure   Level  Hunger
a - Shock                 Conj/Air       ###.         8%          1    None
b - Swiftness             Chrm/Air       ##......     17%         2    ##.....

Your spell library contained the following spells:

 Spells                   Type           Power        Failure   Level  Hunger
 Static Discharge         Conj/Air       ###.....     22%         3    ###....
 Airstrike                Air            ###.......   41%         4    ####...
 Lightning Bolt           Conj/Air       ###.......   90%         5    ######.


Dungeon Overview and Level Annotations

Branches:
Dungeon (3/15)

Altars:
Dithmenos
Gozag


Innate Abilities, Weirdness & Mutations

You have a beak for a mouth.
You have claws for feet.
You can fly continuously.


Message History

The orc hits you but does no damage.
The orc wizard hits you but does no damage.
Unknown command.
The orc barely misses you.
The orc wizard gestures at you while chanting.
The puff of flame hits you!
* * * LOW HITPOINT WARNING * * *
There is an open door here.
Casting: Swiftness (safe; 17% risk of failure)
Confirm with . or Enter, or press ? or * to list all spells.
Aiming: Shock (safe; 8% risk of failure)
Press: ? - help, Shift-Dir - straight line, f - adder
Aim: an adder (almost dead)
The zap hits the adder.
You kill the adder!
The zap hits the orc.
You kill the orc!
The orc wizard points at you and mumbles some strange words.
The magic dart hits you.
You die...

...... #####........##
.........##.............#
.......................##
.............##..##....#
............######..[.##
# ..........## ###Z.#
.............## ♣♣♣ #.##
.....##...o...#♣♣.♣♣#.#
#..)().....)†'@._.÷'.#
#...#.....o.##♣♣.♣♣###
... ##......# ♣♣♣ #
#.......$# #..........
#...##......
###.####.#... ### ####..


You could see an orc wizard and an orc.

Vanquished Creatures
  A phantom (D:4)
  A hound (D:4)
  An orc priest (D:4)
  A worker ant (D:4)
  3 adders
  2 oozes
  An adder skeleton (D:4)
  3 dart slugs
  2 leopard geckos (D:3)
  4 orcs
  A giant cockroach (D:2)
  9 hobgoblins
  4 jackals (D:1)
  2 quokkas
  A ball python (D:1)
  9 bats
  A frilled lizard (D:2)
  8 goblins
  8 kobolds
  4 rats
66 creatures vanquished.

Notes
Turn   | Place    | Note
-------+----------+-------------------------------------------
     0 | D:1      | Bronimir the Tengu Air Elementalist began the quest for the
                  | Orb.
     0 | D:1      | Reached XP level 1. HP: 10/10 MP: 4/4
   177 | D:1      | Reached XP level 2. HP: 15/15 MP: 4/6
   399 | D:1      | Learned a level 2 spell: Swiftness
   699 | D:1      | Reached skill level 1 in Armour
   704 | D:1      | Reached XP level 3. HP: 8/19 MP: 0/7
  2282 | D:2      | Reached XP level 4. HP: 24/24 MP: 8/8
  2637 | D:2      | Reached skill level 5 in Air Magic
  3542 | D:3      | Found a shadowy altar of Dithmenos.
  3542 | D:3      | You fall into a shaft and drop 1 floor!
  3563 | D:4      | Noticed a phantom
  3582 | D:4      | Found an opulent altar of Gozag.
  3590 | D:4      | Gained mutation: You can fly continuously. [Tengu growth]
  3590 | D:4      | Reached XP level 5. HP: 26/28 MP: 0/10
  3593 | D:4      | Reached skill level 1 in Charms
  3599 | D:4      | Killed a phantom
  3599 | D:4      | Reached XP level 6. HP: 22/32 MP: 0/11
  3826 | D:4      | Reached skill level 1 in Short Blades
  3833 | D:4      | HP: 1/32 [orc wizard/puff of flame (9)]
  3836 | D:4      | Killed from afar by an orc wizard

Levels and vault maps discovered:
D:1:      scummos_arrival_gate, layout_basic, minmay_tetromino_s2
D:2:      layout_basic, st_stairs_5
D:3:      layout_basic, chequers_temple_overflow_minitemple,
          nicolae_dithmenos_through_a_glass_darkly, uniq_terence, uniq_ijyb
D:4:      layout_cave_pools, kennysheep_little_box, temple_green, first_ration,
          uniq_eustachio

Skill      XL: |  1  2  3  4  5  6 |
---------------+-------------------+-----
Conjurations   | 2 3 |  3.2
Armour         | 1 2 3 |  3.0
Air Magic      | 5 |  5.6
Charms         | 1 |  1.1
Spellcasting   | 3 |  3.1
Short Blades   | 1 |  1.0
Fighting       | |  0.3
Dodging        | |  2.4
Stealth        | |  2.0

Action                   |  1- 3 |  4- 6 || total
-------------------------+-------+-------++-------
Melee: Unarmed           |    47 |       ||    47
       Kick              |    11 |     3 ||    14
       Peck              |     6 |     5 ||    11
       Short sword       |     6 |    39 ||    45
 Cast: Shock             |    63 |    35 ||    98
       Swiftness         |       |     1 ||     1
  Use: Potion            |     1 |     6 ||     7
  Eat: Chunk             |     4 |     6 ||    10
Armor: Ring mail         |    42 |    23 ||    65
       Skin              |       |    15 ||    15
Dodge: Dodged            |    50 |    38 ||    88
